[Event "Titled Tuesday Blitz January 17 Late 2023"]
[White "Nakamura, Hikaru"]
[Black "Potapova, Margarita"]
[WhiteFideId "2016192"]
[BlackFideId "14126869"]
[WhiteElo "2775"]
[BlackElo "2104"]
[Result "1-0"]
[Round "01"]
[TimeControl "180+2"]
[Date "2023.01.17"]
[WhiteClock "0:01:22"]
[BlackClock "0:00:01"]

1. Nf3 d5 2. e3 Nf6 3. b3 g6 4. Bb2 Bg7 5. d4 O-O 6. Nbd2 a5 7. a3 Nbd7 8. c4 c6 9. Bd3 b6 10. cxd5 cxd5 11. O-O Ba6 12. Bxa6 Rxa6 13. Qe2 Ra8 14. Rfc1 Rc8 15. Qb5 Ne4 16. Nxe4 dxe4 17. Nd2 Nc5 18. Rc4 Nd3 19. Bc3 f5 20. Rxc8 Qxc8 21. Nc4 Kh8 22. Qd5 a4 23. bxa4 e6 24. Qb5 f4 25. Bb4 Rd8 26. Nd6 Rxd6 27. Bxd6 fxe3 28. fxe3 Bh6 29. h3 Bxe3+ 30. Kh2 Bxd4 31. Rf1 Bg7 32. Qxb6 Qe8 33. a5 Ne5 34. a6 Nc4 35. Qb8 Nxd6 36. Qxe8+ Nxe8 37. a7 1-0


[Site "https://www.chess.com"]

[Event "Titled Tuesday Blitz January 17 Late 2023"]
[White "Pasti, Aron"]
[Black "Artemiev, Vladislav"]
[WhiteFideId "785857"]
[BlackFideId "24101605"]
[WhiteElo "2361"]
[BlackElo "2701"]
[Result "0-1"]
[Round "01"]
[TimeControl "180+2"]
[Date "2023.01.17"]
[WhiteClock "0:00:01"]
[BlackClock "0:00:05"]

1. e4 c5 2. Nf3 d6 3. d4 cxd4 4. Nxd4 Nf6 5. Nc3 a6 6. Bg5 Nbd7 7. Qe2 h6 8. Bh4 b5 9. f4 g5 10. fxg5 hxg5 11. Bxg5 Bb7 12. O-O-O Rc8 13. Nd5 Nxd5 14. exd5 Ne5 15. Kb1 Bxd5 16. Nf5 Bc4 17. Qe4 Qc7 18. Bxc4 Qxc4 19. Rd4 Qc6 20. Qe2 f6 21. Nxd6+ exd6 22. Bxf6 Rh7 23. Re1 Be7 24. Bxe5 dxe5 25. Re4 Bf6 26. g4 Kd8 27. Re3 Rd7 28. Rd1 Rc7 29. Rf1 Kc8 30. g5 Bxg5 31. Rxe5 Be7 32. Re6 Bd6 33. c3 Kb7 34. h4 Re7 35. h5 Rxe6 36. Qxe6 Bc5 37. Qe2 Re7 38. Qg4 Qe4+ 39. Qxe4+ Rxe4 40. Rf7+ Kc6 41. Rf6+ Bd6 42. h6 Rh4 43. Rg6 Rh2 44. a3 a5 45. Ka2 Kd5 46. Rg5+ Be5 47. Kb3 Rxh6 48. a4 b4 49. cxb4 Rh3+ 50. Ka2 axb4 51. Rg4 b3+ 52. Ka3 Bd6+ 0-1


[Site "https://www.chess.com"]

[Event "Titled Tuesday Blitz January 17 Late 2023"]
[White "Naroditsky, Daniel"]
[Black "Culum, Sanjin"]
[WhiteFideId "2026961"]
[BlackFideId "14420937"]
[WhiteElo "2618"]
[BlackElo "2242"]
[Result "1-0"]
[Round "01"]
[TimeControl "180+2"]
[Date "2023.01.17"]
[WhiteClock "0:01:00"]
[BlackClock "0:00:23"]

1. e4 Nc6 2. Nf3 d6 3. d4 Nf6 4. Nc3 g6 5. Bb5 a6 6. Bxc6+ bxc6 7. h3 Bg7 8. O-O O-O 9. Be3 Rb8 10. Rb1 Nd7 11. Qd2 Bb7 12. Bh6 c5 13. Bxg7 Kxg7 14. d5 c6 15. Rfe1 Nf6 16. Rbd1 Qa5 17. a3 Ba8 18. Qc1 Qb6 19. b3 c4 20. bxc4 Qc5 21. Rd4 Nd7 22. e5 Nxe5 23. Rh4 Nxf3+ 24. gxf3 h5 25. Rxh5 Rh8 26. Rxh8 Rxh8 27. Qf4 cxd5 28. Rxe7 Rf8 29. Nxd5 Bxd5 30. cxd5 Qxd5 31. Kg2 Qc5 32. Rd7 Qxa3 33. Rxd6 Kg8 34. c4 Qb4 35. Rxa6 Rc8 36. Ra7 Qxc4 37. Qf6 Rf8 38. Re7 Qd3 39. Re4 1-0


[Site "https://www.chess.com"]

[Event "Titled Tuesday Blitz January 17 Late 2023"]
[White "Sukandar, Irine Kharisma"]
[Black "Andreikin, Dmitry"]
[WhiteFideId "7101937"]
[BlackFideId "4158814"]
[WhiteElo "2390"]
[BlackElo "2729"]
[Result "0-1"]
[Round "01"]
[TimeControl "180+2"]
[Date "2023.01.17"]
[WhiteClock "0:00:04"]
[BlackClock "0:02:27"]

1. e4 c5 2. Nf3 e6 3. d4 cxd4 4. Nxd4 Nc6 5. Nc3 Qc7 6. Be3 a6 7. Bd3 Nf6 8. O-O Bd6 9. h3 Bh2+ 10. Kh1 Bf4 11. Bxf4 Qxf4 12. Nxc6 bxc6 13. Qe2 d5 14. Rad1 O-O 15. e5 Nd7 16. Rfe1 c5 17. g3 Qh6 18. Qg4 Bb7 19. Kg1 Rae8 20. Bf1 d4 21. Nb1 f5 22. Qf4 g5 23. Qd2 f4 24. g4 Qg7 25. Qe2 h5 26. c3 hxg4 27. hxg4 f3 28. Qc2 Rf4 29. Bh3 Qh6 30. cxd4 Qxh3 31. Qg6+ Kf8 0-1


[Site "https://www.chess.com"]

[Event "Titled Tuesday Blitz January 17 Late 2023"]
[White "Sarana, Alexey"]
[Black "Pein, Jonathan"]
[WhiteFideId "24133795"]
[BlackFideId "417092"]
[WhiteElo "2685"]
[BlackElo "2265"]
[Result "1-0"]
[Round "01"]
[TimeControl "180+2"]
[Date "2023.01.17"]
[WhiteClock "0:01:53"]
[BlackClock "0:00:22"]

1. c4 g6 2. d4 Bg7 3. e4 Nf6 4. Nc3 O-O 5. Be2 d6 6. Be3 e5 7. d5 a5 8. g4 Na6 9. g5 Nd7 10. h4 f5 11. gxf6 Nxf6 12. h5 Nc5 13. hxg6 hxg6 14. Bxc5 dxc5 15. Qd3 a4 16. Qg3 Kf7 17. Nf3 Ng4 18. Rh4 Rh8 19. Rxg4 Bxg4 20. Qxg4 Rh1+ 21. Bf1 Qc8 22. Ng5+ Kg8 23. Ne6 a3 24. b3 Qd7 25. Qg2 Rh6 26. Be2 c6 27. O-O-O cxd5 28. exd5 e4 29. Nxe4 Re8 30. Bg4 Bb2+ 31. Kc2 Qf7 32. Qg3 b5 33. Nd6 Qe7 34. Nxe8 Qxe8 35. d6 bxc4 36. d7 cxb3+ 37. axb3 Qd8 38. Nxd8 1-0


[Site "https://www.chess.com"]

[Event "Titled Tuesday Blitz January 17 Late 2023"]
[White "Ladan, Nicholas"]
[Black "Duda, Jan-Krzysztof"]
[WhiteFideId "30918855"]
[BlackFideId "1170546"]
[WhiteElo "2228"]
[BlackElo "2724"]
[Result "0-1"]
[Round "01"]
[TimeControl "180+2"]
[Date "2023.01.17"]
[WhiteClock "0:00:47"]
[BlackClock "0:01:54"]

1. d4 Nf6 2. c4 c5 3. Nf3 cxd4 4. Nxd4 e5 5. Nb3 Nc6 6. Nc3 Bb4 7. Bd2 d6 8. g3 Be6 9. Nd5 Nxd5 10. cxd5 Bxd5 11. f3 Qb6 12. e4 Bxb3 13. axb3 Bxd2+ 14. Qxd2 Nd4 15. Qc3 Qxb3 16. Qxb3 Nxb3 17. Ra3 Nd4 18. Kd2 h5 19. Bh3 h4 20. f4 hxg3 21. hxg3 Ke7 22. Bg2 Rxh1 23. Bxh1 Rh8 24. Ra1 Rh2+ 25. Kc3 Rc2+ 26. Kb4 Rxb2+ 27. Kc4 a6 28. fxe5 dxe5 29. g4 Kd6 30. Ra3 b5+ 31. Kd3 Rb3+ 32. Rxb3 Nxb3 33. Bf3 Kc5 34. Bd1 Nd4 35. g5 a5 36. Bh5 Ne6 37. Bxf7 Nxg5 38. Bd5 Nh3 39. Ke3 Nf4 40. Ba2 a4 41. Bg8 b4 42. Kd2 b3 43. Kc3 Ne2+ 44. Kb2 Kb4 45. Ka1 a3 46. Bxb3 Kxb3 0-1


[Site "https://www.chess.com"]

[Event "Titled Tuesday Blitz January 17 Late 2023"]
[White "Paravyan, David"]
[Black "Kokoszczynski, Jan"]
[WhiteFideId "4194985"]
[BlackFideId "1174460"]
[WhiteElo "2601"]
[BlackElo "2247"]
[Result "1-0"]
[Round "01"]
[TimeControl "180+2"]
[Date "2023.01.17"]
[WhiteClock "0:01:07"]
[BlackClock "0:00:26"]

1. d4 d5 2. c4 e6 3. Nc3 a6 4. cxd5 exd5 5. Nf3 c6 6. Bf4 Bd6 7. Bxd6 Qxd6 8. e3 Nf6 9. Qc2 O-O 10. h3 Be6 11. Bd3 Nbd7 12. O-O Rfe8 13. a3 Rac8 14. b4 b5 15. Qb2 Nb6 16. Ne5 Nc4 17. Bxc4 dxc4 18. Rfd1 Ra8 19. e4 a5 20. f4 axb4 21. Qxb4 Qxb4 22. axb4 Nd7 23. Nxc6 f6 24. Rxa8 Rxa8 25. d5 Bf7 26. e5 fxe5 27. fxe5 Bg6 28. e6 Nf6 29. d6 Bd3 30. d7 1-0


[Site "https://www.chess.com"]

[Event "Titled Tuesday Blitz January 17 Late 2023"]
[White "Ansh M Shah"]
[Black "Bluebaum, Matthias"]
[WhiteFideId "25033379"]
[BlackFideId "24651516"]
[WhiteElo "2171"]
[BlackElo "2669"]
[Result "0-1"]
[Round "01"]
[TimeControl "180+2"]
[Date "2023.01.17"]
[WhiteClock "0:01:34"]
[BlackClock "0:01:32"]

1. d4 d5 2. c4 e6 3. g3 Nf6 4. Bg2 Nc6 5. Nf3 Bd6 6. O-O O-O 7. Nbd2 a5 8. Qc2 Nb4 9. Qb1 c5 10. a3 Nc6 11. dxc5 Bxc5 12. b3 d4 13. Bb2 e5 14. Ng5 h6 15. Nge4 Nxe4 16. Nxe4 Be7 17. Rd1 f5 18. Nd2 Be6 19. Nf3 Qb6 20. Bc1 e4 21. Nh4 Bxh4 22. gxh4 a4 23. bxa4 Qxb1 24. Rxb1 Bxc4 25. Bf1 Rf7 26. Bb2 Rxa4 27. Bxd4 Bxe2 28. Bxe2 Nxd4 29. Bf1 Kh7 30. h5 f4 31. Bb5 Nxb5 32. Rxb5 Rxa3 33. Rd4 Ra1+ 34. Kg2 f3+ 35. Kh3 e3 36. fxe3 f2 37. Rf4 Rxf4 38. exf4 f1=Q+ 0-1


[Site "https://www.chess.com"]

[Event "Titled Tuesday Blitz January 17 Late 2023"]
[White "Chigaev, Maksim"]
[Black "Jimenez Almeida, Luis David"]
[WhiteFideId "4108116"]
[BlackFideId "22242244"]
[WhiteElo "2628"]
[BlackElo "2242"]
[Result "1-0"]
[Round "01"]
[TimeControl "180+2"]
[Date "2023.01.17"]
[WhiteClock "0:00:20"]
[BlackClock "0:00:15"]

1. e4 c6 2. Nf3 g6 3. d3 Bg7 4. g3 d5 5. Bg2 e5 6. O-O Ne7 7. Re1 Qd6 8. exd5 cxd5 9. c4 dxc4 10. dxc4 Qxd1 11. Rxd1 Nbc6 12. Nc3 O-O 13. Nd5 Nxd5 14. cxd5 Nd4 15. Nxd4 exd4 16. Bg5 Bg4 17. Rd2 Rfe8 18. d6 Rab8 19. h3 Bd7 20. Rc1 Rec8 21. Rc7 Rxc7 22. dxc7 Rc8 23. Bf4 Bc6 24. Bxc6 bxc6 25. Rc2 g5 26. Bd6 Bf8 27. Bxf8 Kxf8 28. Rxc6 Ke7 29. Kf1 Kd7 30. Rc4 Rxc7 31. Rxd4+ Ke6 32. Ra4 Rc1+ 33. Kg2 Rc2 34. b3 Rc7 35. Ra6+ Ke7 36. g4 f6 37. b4 Kf7 38. b5 Kg6 39. a4 Rf7 40. a5 Rd7 41. b6 axb6 42. Rxb6 Rd5 43. a6 Ra5 44. Kf3 Ra3+ 45. Ke4 Rxh3 46. f3 Rh1 47. Kd5 Ra1 48. Kc6 h5 49. gxh5+ Kxh5 50. Kb7 f5 51. Rb5 Kg6 52. a7 Rxa7+ 53. Kxa7 g4 54. fxg4 fxg4 55. Kb6 g3 56. Rb3 1-0


[Site "https://www.chess.com"]

[Event "Titled Tuesday Blitz January 17 Late 2023"]
[White "Leenhouts, Koen"]
[Black "Eljanov, Pavel"]
[WhiteFideId "1008439"]
[BlackFideId "14102951"]
[WhiteElo "2447"]
[BlackElo "2705"]
[Result "0-1"]
[Round "01"]
[TimeControl "180+2"]
[Date "2023.01.17"]
[WhiteClock "0:00:04"]
[BlackClock "0:00:17"]

1. d4 Nf6 2. c4 e6 3. Nc3 Bb4 4. Qc2 O-O 5. Nf3 d6 6. Bd2 Nbd7 7. a3 Bxc3 8. Bxc3 Qe7 9. e3 e5 10. Be2 a5 11. b3 b6 12. O-O Bb7 13. d5 c6 14. e4 cxd5 15. exd5 Rac8 16. Rac1 Nc5 17. Qb1 a4 18. b4 Nb3 19. Rc2 Ba6 20. Nd2 Nxd2 21. Bxd2 Rc7 22. b5 Bc8 23. Be3 Nd7 24. Qb4 Ra7 25. Qd2 Re8 26. Bd3 Rc7 27. Rcc1 Nc5 28. Bxc5 Rxc5 29. Rce1 f5 30. Qc2 e4 31. Qxa4 Qg5 32. Bb1 Rc7 33. f4 Qf6 34. Qb4 Qd4+ 35. Kh1 Qxc4 36. Qxd6 Qc5 37. Qxc5 Rxc5 38. a4 Kf8 39. Rc1 Rxd5 40. Rc7 Be6 41. Rfc1 Red8 42. h3 Rd1+ 43. Kh2 Rxc1 44. Rxc1 Ke7 45. Kg3 Rc8 46. Rxc8 Bxc8 47. Kf2 Kd6 48. Ke3 Kc5 49. g4 fxg4 50. hxg4 Bxg4 51. Bxe4 h5 52. f5 h4 53. Kf4 Bd1 54. Kg5 h3 55. Kg6 h2 56. Kxg7 Bc2 57. f6 Bxe4 58. f7 h1=Q 59. f8=Q+ Kc4 60. Qf4 Qg2+ 61. Kf6 Qf3 62. Ke5 Qxf4+ 63. Kxf4 Bb7 64. a5 bxa5 65. Ke3 Kc3 0-1


[Site "https://www.chess.com"]

[Event "Titled Tuesday Blitz January 17 Late 2023"]
[White "Sadhwani, Raunak"]
[Black "Suvorov, Luca"]
[WhiteFideId "35093487"]
[BlackFideId "12977071"]
[WhiteElo "2627"]
[BlackElo "2310"]
[Result "1-0"]
[Round "01"]
[TimeControl "180+2"]
[Date "2023.01.17"]
[WhiteClock "0:00:06"]
[BlackClock "0:00:13"]

1. e3 d5 2. Nf3 c5 3. d4 cxd4 4. exd4 Nc6 5. c3 Bg4 6. Bd3 e6 7. O-O Bd6 8. h3 Bh5 9. Re1 Nge7 10. Nbd2 O-O 11. Nf1 Bg6 12. Bg5 Qc7 13. Bxe7 Nxe7 14. Bxg6 Nxg6 15. g3 b5 16. Rc1 Rac8 17. h4 h6 18. Qd2 Qb8 19. h5 Ne7 20. a3 a5 21. Ne3 b4 22. cxb4 axb4 23. a4 b3 24. Qd3 Qb4 25. Rxc8 Rxc8 26. Ra1 Ra8 27. a5 Rxa5 28. Rxa5 Qxa5 29. Qxb3 Nc6 30. Qb7 Qc7 31. Qb5 Bxg3 32. fxg3 Qxg3+ 33. Ng2 Qxf3 34. Qxc6 Qd1+ 35. Kh2 Qxh5+ 36. Kg3 Qg6+ 37. Kf2 Qf6+ 38. Ke2 Qxd4 39. Qc8+ Kh7 40. Qc2+ g6 41. Ne1 h5 42. Nf3 Qf6 43. b4 h4 44. b5 h3 45. b6 Qd8 46. Qc7 Qa8 47. b7 Qa2+ 48. Nd2 Qa6+ 49. Kf2 Qa7+ 50. Kg3 h2 51. Kxh2 Qf2+ 52. Kh3 Qe3+ 53. Qg3 Qxd2 54. b8=Q Qh6+ 55. Qh4 g5 56. Qxh6+ Kxh6 57. Qh8+ Kg6 58. Qg8+ Kf6 59. Qd8+ Kf5 60. Kg3 f6 61. Qd6 Kg6 62. Qxe6 1-0


[Site "https://www.chess.com"]

[Event "Titled Tuesday Blitz January 17 Late 2023"]
[White "Kozin, Yuri"]
[Black "Jobava, Baadur"]
[WhiteFideId "4129920"]
[BlackFideId "13601520"]
[WhiteElo "2251"]
[BlackElo "2578"]
[Result "0-1"]
[Round "01"]
[TimeControl "180+2"]
[Date "2023.01.17"]
[WhiteClock "0:00:39"]
[BlackClock "0:00:57"]

1. e4 c6 2. d4 d5 3. exd5 cxd5 4. c4 e6 5. Nc3 Be7 6. Nf3 Nc6 7. cxd5 exd5 8. Ne5 Nf6 9. Bb5 O-O 10. Bxc6 bxc6 11. Nxc6 Qe8 12. Nxe7+ Qxe7+ 13. Be3 Ba6 14. Ne2 Ng4 15. O-O Nxe3 16. fxe3 Qxe3+ 17. Rf2 Rab8 18. b3 Rfe8 19. Ng3 g6 20. Qd2 Rbc8 21. Rd1 Kg7 22. Nf1 Qxd2 23. Nxd2 Rc2 24. a4 Re2 25. h3 Rb2 26. b4 Rxb4 27. Nf3 Rxa4 28. Rc1 Rxf2 29. Kxf2 Bc4 30. Rb1 Ra2+ 31. Kg3 Bd3 32. Rb7 Be4 33. Rd7 a5 34. h4 a4 35. h5 gxh5 36. Ne5 Rxg2+ 37. Kh4 Rh2+ 38. Kg3 Rg2+ 39. Kh3 Bf5+ 40. Kxg2 Bxd7 41. Nxd7 a3 42. Nc5 a2 43. Nb3 f5 44. Kf3 h4 45. Kg2 f4 0-1


[Site "https://www.chess.com"]

[Event "Titled Tuesday Blitz January 17 Late 2023"]
[White "Dardha, Daniel"]
[Black "Malka, Samuel"]
[WhiteFideId "240990"]
[BlackFideId "20643675"]
[WhiteElo "2631"]
[BlackElo "2165"]
[Result "1-0"]
[Round "01"]
[TimeControl "180+2"]
[Date "2023.01.17"]
[WhiteClock "0:00:25"]
[BlackClock "0:00:09"]

1. d4 Nf6 2. Bg5 d5 3. e3 c5 4. Bxf6 gxf6 5. dxc5 e6 6. Nf3 Bxc5 7. Be2 Nc6 8. O-O Bd7 9. Nbd2 Qe7 10. a3 a6 11. b4 Ba7 12. c4 d4 13. exd4 Nxd4 14. Ne4 f5 15. Nxd4 fxe4 16. c5 Bb8 17. Re1 f5 18. Bc4 Be5 19. Qh5+ Qf7 20. Qxf7+ Kxf7 21. Rad1 Bxd4 22. Rxd4 Rad8 23. Red1 Ke7 24. Kf1 Bb5 25. Bxb5 Rxd4 26. Rxd4 axb5 27. Rd6 Ra8 28. Rb6 Rxa3 29. Rxb7+ Kf6 30. g3 e5 31. Rb6+ Kg5 32. Rxb5 f4 33. c6 f3 34. Rxe5+ Kf6 35. Rxe4 Rc3 36. b5 Kf5 37. Re3 Rc1+ 38. Re1 Rc5 39. Rb1 Ke6 40. b6 Kd6 41. b7 1-0


[Site "https://www.chess.com"]

[Event "Titled Tuesday Blitz January 17 Late 2023"]
[White "Rodriguez Fontecha, Marcos"]
[Black "Sanal, Vahap"]
[WhiteFideId "2256576"]
[BlackFideId "6300545"]
[WhiteElo "2309"]
[BlackElo "2600"]
[Result "0-1"]
[Round "01"]
[TimeControl "180+2"]
[Date "2023.01.17"]
[WhiteClock "0:00:25"]
[BlackClock "0:00:57"]

1. Nf3 d6 2. d4 c5 3. c3 cxd4 4. cxd4 Nf6 5. Nc3 g6 6. Bf4 Bg7 7. g3 O-O 8. Bg2 Qb6 9. Qb3 Qa5 10. O-O Qh5 11. Rfe1 Nc6 12. Rac1 Bh3 13. Bh1 Ng4 14. Red1 Rab8 15. d5 Nce5 16. Ne4 h6 17. Rc7 g5 18. Bc1 f5 19. Ned2 f4 20. Nxe5 Nxe5 21. Nf3 fxg3 22. hxg3 Bg4 23. Nxe5 Bxe5 24. Rxe7 Rxf2 25. Kxf2 Qh2+ 26. Ke3 Qxe2# 0-1


[Site "https://www.chess.com"]

[Event "Titled Tuesday Blitz January 17 Late 2023"]
[White "Esipenko, Andrey"]
[Black "Reprintsev, Alexander"]
[WhiteFideId "24175439"]
[BlackFideId "14100541"]
[WhiteElo "2679"]
[BlackElo "2253"]
[Result "1/2-1/2"]
[Round "01"]
[TimeControl "180+2"]
[Date "2023.01.17"]
[WhiteClock "0:00:02"]
[BlackClock "0:00:08"]

1. d4 d5 2. c4 e5 3. dxe5 d4 4. Nf3 Nc6 5. g3 Nge7 6. Bg2 Ng6 7. Bf4 Nxf4 8. gxf4 Bf5 9. Nbd2 Qd7 10. a3 f6 11. b4 a5 12. b5 Nd8 13. Nh4 Bh3 14. exf6 Bxg2 15. Nxg2 gxf6 16. Qc2 Ne6 17. Qf5 O-O-O 18. Ne4 Nc5 19. Qxd7+ Nxd7 20. e3 Re8 21. Ng3 dxe3 22. fxe3 Nb6 23. Ke2 Nxc4 24. a4 Bc5 25. Rac1 Nxe3 26. Rxc5 Nxg2+ 27. Kf3 Nh4+ 28. Kg4 Ng6 29. Rhc1 Re7 30. b6 c6 31. Rxa5 Kb8 32. Rf5 Rf8 33. a5 Re3 34. Rh5 Ra3 35. Rcc5 Rf7 36. Kf5 Nf8 37. Ne4 Rd3 38. Rh6 Rd8 39. Rxf6 Re7 40. a6 Nd7 41. a7+ Ka8 42. Re5 Rxe5+ 43. fxe5 Nxf6 44. exf6 h5 45. f7 c5 46. Nxc5 h4 47. Nd7 h3 48. Ke6 Rh8 49. Nf6 Rf8 50. Ng4 Rxf7 51. Kxf7 1/2-1/2


[Site "https://www.chess.com"]

[Event "Titled Tuesday Blitz January 17 Late 2023"]
[White "Gavilan Diaz, Mario"]
[Black "Zierk, Steven"]
[WhiteFideId "2260905"]
[BlackFideId "2034255"]
[WhiteElo "2271"]
[BlackElo "2488"]
[Result "0-1"]
[Round "01"]
[TimeControl "180+2"]
[Date "2023.01.17"]
[WhiteClock "0:00:20"]
[BlackClock "0:00:53"]

1. d4 e6 2. c4 f5 3. Nc3 Nf6 4. Bg5 Bb4 5. Qb3 c5 6. dxc5 Nc6 7. Nf3 h6 8. Bxf6 Qxf6 9. Rc1 O-O 10. e3 e5 11. Be2 e4 12. Nd4 Bxc5 13. Nd5 Qe5 14. Nxc6 bxc6 15. Nf4 Rb8 16. Qd1 Qxb2 17. O-O g5 18. Ng6 Rf6 19. Rc2 Qb6 20. Ne5 d6 21. h4 dxe5 22. hxg5 hxg5 23. Rb2 Qxb2 24. Qd8+ Kg7 25. Bh5 Be6 26. Qc7+ Kh6 27. Rd1 Kxh5 28. g4+ fxg4 29. Qh7+ Rh6 30. Qxe4 Rf8 31. Qh1+ Kg6 32. Qe4+ Kg7 33. Rf1 g3 0-1


[Site "https://www.chess.com"]

[Event "Titled Tuesday Blitz January 17 Late 2023"]
[White "Kamsky, Gata"]
[Black "Carbone, Diego"]
[WhiteFideId "2000024"]
[BlackFideId "3002179"]
[WhiteElo "2665"]
[BlackElo "2336"]
[Result "1-0"]
[Round "01"]
[TimeControl "180+2"]
[Date "2023.01.17"]
[WhiteClock "0:00:18"]
[BlackClock "0:00:02"]

1. d4 Nf6 2. Bf4 g6 3. c3 Bg7 4. Nf3 d6 5. h3 Nbd7 6. Nbd2 c5 7. e4 O-O 8. d5 a6 9. a4 b6 10. Bd3 Rb8 11. Qe2 b5 12. axb5 axb5 13. Bxb5 Qb6 14. c4 Nh5 15. Bg5 Bxb2 16. Rb1 Bf6 17. Bxf6 Nhxf6 18. O-O Qc7 19. Rfe1 Ra8 20. e5 dxe5 21. Nxe5 Nxe5 22. Qxe5 Qxe5 23. Rxe5 Bf5 24. Rbe1 Ra2 25. Nb3 h5 26. Rxe7 Rb2 27. R7e3 Ra8 28. R1e2 Rb1+ 29. Kh2 Kg7 30. Bc6 Ra3 31. Nxc5 Rxe3 32. Rxe3 Rc1 33. Nb7 Rxc4 34. Nd6 Rd4 35. Nxf5+ gxf5 36. Re5 Kg6 37. f3 h4 38. Kg1 Rd2 39. Kf1 Kg5 40. Ke1 Rd4 41. Ke2 Kf4 42. Re7 Nxd5 43. Bxd5 Rxd5 44. Rxf7 Re5+ 45. Kf2 Ra5 46. Rh7 Ra2+ 47. Kg1 Kg3 48. Rg7+ Kf4 49. Kh2 Ra1 50. Rh7 Kg5 51. f4+ Kxf4 52. Rxh4+ Kg5 53. Rd4 Ra2 54. h4+ Kh5 55. Kh3 Ra3+ 56. g3 Rb3 57. Rd5 Kg6 58. Rd4 Kh5 59. Rf4 Kg6 60. Kg2 Rb2+ 61. Rf2 Rb3 62. Re2 Rc3 63. Kf2 Ra3 64. Re3 Ra2+ 65. Kf3 Ra1 66. Kf4 Rf1+ 67. Ke5 Rf2 68. Rd3 Kh5 69. Rd8 Kg4 70. Rg8+ Kh3 71. h5 1-0


[Site "https://www.chess.com"]

[Event "Titled Tuesday Blitz January 17 Late 2023"]
[White "Ozdemir, Serhan Berat"]
[Black "Dominguez Perez, Leinier"]
[WhiteFideId "6374611"]
[BlackFideId "3503240"]
[WhiteElo "2223"]
[BlackElo "2739"]
[Result "0-1"]
[Round "01"]
[TimeControl "180+2"]
[Date "2023.01.17"]
[WhiteClock "0:00:02"]
[BlackClock "0:00:12"]

1. e4 Nf6 2. Nc3 d5 3. exd5 Nxd5 4. Bc4 Nb6 5. Bb3 Nc6 6. Nf3 Bf5 7. d4 e6 8. O-O Na5 9. h3 Be7 10. Re1 O-O 11. Bf4 Nxb3 12. axb3 a6 13. Ra5 c6 14. Ra1 Nd5 15. Nxd5 cxd5 16. c3 a5 17. Ne5 Ra6 18. Nd3 Qb6 19. Re3 Qb5 20. Ra4 Rc8 21. Rg3 Bxd3 22. Rxd3 Rb6 23. Bc1 Bd8 24. Rg3 g6 25. Ra3 Be7 26. Ra4 Ra6 27. Bf4 Qc6 28. Be5 b5 29. Ra2 b4 30. cxb4 Qc1 31. Qxc1 Rxc1+ 32. Kh2 Bxb4 33. Rd3 Rac6 34. Bf4 Rb1 35. Rf3 Rc2 36. h4 f6 37. h5 Kf7 38. Bc7 Rxc7 0-1


[Site "https://www.chess.com"]

[Event "Titled Tuesday Blitz January 17 Late 2023"]
[White "Tang, Andrew"]
[Black "Graif, William"]
[WhiteFideId "2059630"]
[BlackFideId "2609835"]
[WhiteElo "2523"]
[BlackElo "2304"]
[Result "1-0"]
[Round "01"]
[TimeControl "180+2"]
[Date "2023.01.17"]
[WhiteClock "0:00:14"]
[BlackClock "0:00:24"]

1. d4 Nf6 2. c4 e5 3. dxe5 Ng4 4. e3 d6 5. exd6 Bxd6 6. Be2 h5 7. Nf3 Nc6 8. Bd2 Be6 9. Bc3 Qe7 10. h3 Nge5 11. Nxe5 Nxe5 12. Nd2 O-O-O 13. Qc2 g6 14. O-O-O Rhe8 15. c5 Bxc5 16. Bxe5 Bf5 17. e4 Qxe5 18. exf5 Qxe2 19. Qxc5 Rd6 20. Qxa7 Qd3 21. Qa8+ Kd7 22. Qa4+ b5 23. Qc2 Rc6 24. Nc4 bxc4 25. Qa4 Re2 26. Rxd3+ cxd3+ 27. Kb1 d2 28. Rd1 Re1 29. fxg6 fxg6 30. a3 Rxd1+ 31. Qxd1 Rc1+ 32. Qxc1 dxc1=Q+ 33. Kxc1 Kd6 34. Kd2 Ke5 35. Ke3 Kd5 36. b3 Ke6 37. g4 Ke5 38. f4+ Kf6 39. Ke4 Ke6 40. f5+ gxf5+ 41. gxf5+ Kf6 42. h4 Kf7 43. Ke5 Ke7 44. f6+ Kf7 45. a4 c6 46. a5 1-0


[Site "https://www.chess.com"]

[Event "Titled Tuesday Blitz January 17 Late 2023"]
[White "Mareco, Sandro"]
[Black "Bortnyk, Mykola"]
[WhiteFideId "112275"]
[BlackFideId "14120836"]
[WhiteElo "2633"]
[BlackElo "2425"]
[Result "0-1"]
[Round "01"]
[TimeControl "180+2"]
[Date "2023.01.17"]
[WhiteClock "0:00:01"]
[BlackClock "0:00:08"]

1. d4 Nf6 2. Nc3 d5 3. Bf4 Bf5 4. e3 e6 5. f3 Bd6 6. Nge2 h6 7. g4 Bh7 8. h4 Na6 9. Bxd6 Qxd6 10. Nf4 O-O-O 11. Qd2 Kb8 12. Nd3 c5 13. Ne5 Rhf8 14. g5 Nd7 15. f4 f6 16. Nf3 cxd4 17. Nxd4 Ndc5 18. O-O-O Ne4 19. Nxe4 Bxe4 20. Rg1 Rc8 21. Bd3 Nc5 22. Kb1 Bxd3 23. cxd3 hxg5 24. hxg5 e5 25. Nf5 Qd7 26. Nh4 exf4 27. exf4 Qb5 28. gxf6 Rxf6 29. Rg6 Na4 30. Rxf6 gxf6 31. Rc1 Rxc1+ 32. Kxc1 Nc5 33. Ng6 Nxd3+ 34. Kb1 Nb4 35. b3 a5 36. Ne7 Qd7 37. Ng6 Qf5+ 38. Kb2 Qxg6 39. a3 Qd3 40. Qh2 Qd4+ 41. Kb1 Qe4+ 42. Kb2 Nd3+ 43. Kc3 d4+ 44. Kc4 Nxf4 45. a4 Ka7 0-1


[Site "https://www.chess.com"]

[Event "Titled Tuesday Blitz January 17 Late 2023"]
[White "Oparin, Grigoriy"]
[Black "Vovk, Orest"]
[WhiteFideId "24125890"]
[BlackFideId "14113490"]
[WhiteElo "2667"]
[BlackElo "2315"]
[Result "1-0"]
[Round "01"]
[TimeControl "180+2"]
[Date "2023.01.17"]
[WhiteClock "0:02:13"]
[BlackClock "0:01:07"]

1. e4 g5 2. d4 h6 3. h4 g4 4. h5 d5 5. exd5 Qxd5 6. Nc3 Qa5 7. Bc4 c6 8. Ne2 Nf6 9. Ng3 Nbd7 10. Qe2 Nb6 11. Bb3 Nbd5 12. Bd2 Nxc3 13. Bxc3 Qg5 14. Bd2 Qb5 15. c4 Qb6 16. O-O-O Qxd4 17. Bg5 Qxd1+ 18. Rxd1 hxg5 19. c5 Nxh5 20. Nxh5 Rxh5 21. Qd3 1-0


[Site "https://www.chess.com"]

[Event "Titled Tuesday Blitz January 17 Late 2023"]
[White "Danielyan, Vahe"]
[Black "Tari, Aryan"]
[WhiteFideId "13304828"]
[BlackFideId "1510045"]
[WhiteElo "2346"]
[BlackElo "2642"]
[Result "0-1"]
[Round "01"]
[TimeControl "180+2"]
[Date "2023.01.17"]
[WhiteClock "0:00:28"]
[BlackClock "0:00:18"]

1. e4 e5 2. Nc3 Nf6 3. Nf3 Nc6 4. Bb5 Nd4 5. O-O Nxb5 6. Nxb5 c6 7. Nc3 d6 8. d4 Qc7 9. h3 Be7 10. a4 a5 11. Bg5 O-O 12. Bxf6 Bxf6 13. d5 Be7 14. Qd3 Kh8 15. Rfd1 f5 16. Nd2 fxe4 17. Ndxe4 Bf5 18. Qe2 Bg6 19. Rd2 Rf4 20. f3 Raf8 21. Rad1 h6 22. dxc6 bxc6 23. Nxd6 Qb6+ 24. Kh1 Qxb2 25. Nce4 Bxd6 26. Nxd6 e4 27. fxe4 Qe5 28. Nc4 Qc5 29. Nd6 Bh5 30. g4 Rf2 31. Qe1 R2f3 32. Rh2 Bg6 33. Nf5 Bxf5 34. gxf5 Qe5 35. Rd3 R3xf5 36. Rg2 Rf1+ 0-1


[Site "https://www.chess.com"]

[Event "Titled Tuesday Blitz January 17 Late 2023"]
[White "Zakhartsov, Vladimir"]
[Black "Saya, Ethan"]
[WhiteFideId "4145097"]
[BlackFideId "26095181"]
[WhiteElo "2552"]
[BlackElo "2181"]
[Result "1-0"]
[Round "01"]
[TimeControl "180+2"]
[Date "2023.01.17"]
[WhiteClock "0:01:03"]
[BlackClock "0:01:20"]

1. d4 Nf6 2. c4 e6 3. Nf3 d5 4. g3 Be7 5. Bg2 O-O 6. Nc3 c6 7. O-O Nbd7 8. Nd2 a5 9. e4 dxe4 10. Ndxe4 Nxe4 11. Bxe4 Nf6 12. Bc2 b6 13. Bg5 Bb7 14. Qd3 g6 15. Rad1 Rc8 16. Rfe1 Re8 17. Qe2 Nd7 18. Bf4 Bg5 19. Bd6 Be7 20. Ne4 f5 21. Bxe7 Qxe7 22. Nc3 Qf6 23. f4 c5 24. Qf2 cxd4 25. Qxd4 Qxd4+ 26. Rxd4 Nf6 27. Rd6 Ne4 28. Nxe4 Bxe4 29. Bxe4 fxe4 30. Rxe4 b5 31. cxb5 Rc2 32. Rdxe6 Rxe6 33. Rxe6 Rxb2 34. a4 Rb4 35. Re7 Rxa4 36. b6 1-0


[Site "https://www.chess.com"]